 Dungeon Crawl Stone Soup version 0.21-a0-352-g5b8f553 (webtiles) character file.

1151 nikopol the Cleaver (level 8, -6/70 HPs)
             Began as a Hill Orc Fighter on Oct 10, 2017.
             Killed from afar by a steam dragon (14 damage)
             ... with a ball of steam
             ... on level 5 of the Dungeon.
             The game lasted 00:13:36 (3891 turns).

nikopol the Cleaver (Hill Orc Fighter)              Turns: 3891, Time: 00:13:37

Health: -6/70      AC: 14    Str: 26    XL:     8   Next: 38%
Magic:  8/8        EV:  7    Int: 11    God:
Gold:   257        SH: 10    Dex: 10    Spells: 7/7 levels left

rFire    . . .     SeeInvis .   y - +0 hand axe (elec)
rCold    . . .     Gourm    .   c - +0 shield
rNeg     . . .     Faith    .   D - +0 chain mail
rPois    .         Spirit   .   o - +2 helmet {Int+3}
rElec    .         Reflect  .   (no cloak)
rCorr    .         Harm     .   (no gloves)
MR       .....                  E - +0 pair of boots
Stlth    ..........             (no amulet)
HPRegen  0.21/turn              (no ring)
MPRegen  0.11/turn              (no ring)

@: mighty
A: no striking features
a: no special abilities


You were on level 5 of the Dungeon.
You were not hungry.

You visited 1 branch of the dungeon, and saw 6 of its levels.

You collected 257 gold pieces.

Inventory:

Hand Weapons
 a - a +0 war axe
 y - a +0 hand axe of electrocution (weapon)
Missiles
 w - 8 silver tomahawks (quivered)
Armour
 b - a +0 scale mail
 c - a +0 shield (worn)
 o - a +2 helmet of intelligence (worn)
 D - a +0 chain mail (worn)
 E - a +0 pair of boots (worn)
Jewellery
 l - an uncursed amulet of faith {unknown}
Scrolls
 e - a scroll of amnesia {unknown}
 h - 2 scrolls of random uselessness {unknown}
 j - 3 scrolls of identify {unknown}
 k - 2 scrolls of teleportation {unknown}
 n - 5 scrolls of enchant armour {unknown}
 r - 3 scrolls of fog {unknown}
 v - a scroll of fear {unknown}
 z - 2 scrolls of recharging {unknown}
Potions
 d - 2 potions of might
 g - a potion of agility
 i - a potion of cancellation {unknown}
 m - 2 potions of haste {unknown}
 p - a potion of berserk rage {unknown}
 s - a potion of lignification {unknown}
 u - a potion of curing {unknown}
 x - a potion of heal wounds {unknown}
 A - a potion of flight {unknown}
 B - a potion of mutation {unknown}
Comestibles
 f - 2 bread rations
 q - a fruit
 t - a royal jelly
 C - 7 chunks of flesh


   Skills:
 + Level 5.8 Fighting
 + Level 8.0 Axes
 + Level 1.1 Throwing
 + Level 5.7 Armour
 + Level 1.3 Dodging
 + Level 1.0 Stealth
 + Level 5.6 Shields


You had 7 spell levels left.
You didn't know any spells.

Dungeon Overview and Level Annotations

Branches:
Dungeon (6/15)
 Temple: D:4-7

Altars:
Gozag
Hepliaklqana
Yredelemnul
The Shining One


Message History

The steam dragon is heavily wounded.
Your shield and chain mail prevent you from hitting the iguana.
You hit the centaur skeleton.
The centaur skeleton hits you but does no damage.
The iguana bites you.
* * * LOW HITPOINT WARNING * * *
The steam dragon bites you.
* * * LOW HITPOINT WARNING * * *
The steam dragon claws you but does no damage.
You closely miss the steam dragon.
The steam dragon is heavily wounded.
You hit the centaur skeleton.
Lightning courses through the centaur skeleton!
You hit the iguana.
You kill the iguana!
Your Stealth skill increases to level 1!
The centaur skeleton hits you but does no damage.
The steam dragon breathes steam at you. The ball of steam hits you!
You die...

....# .# ##.≈ ....###.#
≈P.P ........# ....P
#.......# .D...
#.......# ..DP ##......#
..# ## .##.....##
#§####...# #.###.#..##
###D.....#
#.........#####Z@[#.####
####...........†### # #
##..#.†.....## #
#................. #
#.................
#..#######.....##....
### ##....# .... #
#....# ... .....# ..


You could see a steam dragon and a centaur skeleton.

Vanquished Creatures
  The ghost of nikopol the Chopper, an amateur HOFi (D:4)
  A steam dragon (D:5)
  An orc warrior (D:4)
  2 ogres
  2 hounds
  3 orc priests
  4 orc wizards
  An iguana (D:5)
  2 worker ants (D:4)
  A hound skeleton (D:4)
  A howler monkey skeleton (D:4)
  3 gnolls (D:2)
  6 adders
  2 oozes (D:2)
  2 worms
  3 dart slugs (D:1)
  10 leopard geckos
  14 orcs
  2 ball pythons
  6 giant cockroaches
  6 hobgoblins
  2 jackals (D:4)
  10 kobolds
  A quokka (D:2)
  7 bats
  7 frilled lizards
  9 goblins
  A quokka skeleton (D:5)
  A quokka zombie (D:5)
  4 rats
115 creatures vanquished.

Notes
Turn   | Place    | Note
-------+----------+-------------------------------------------
     0 | D:1      | nikopol the Hill Orc Fighter began the quest for the Orb.
     0 | D:1      | Reached XP level 1. HP: 19/19 MP: 1/1
    74 | D:1      | Reached XP level 2. HP: 21/27 MP: 2/2
   108 | D:1      | Reached skill level 3 in Axes
   328 | D:1      | Reached XP level 3. HP: 33/33 MP: 3/3
   764 | D:2      | Reached XP level 4. HP: 39/41 MP: 4/4
   876 | D:2      | Found a glowing golden altar of the Shining One.
   944 | D:2      | Reached skill level 4 in Axes
  1026 | D:2      | Reached XP level 5. HP: 36/47 MP: 5/5
  1381 | D:3      | Found a hazy altar of Hepliaklqana.
  1491 | D:3      | Reached skill level 5 in Axes
  1958 | D:3      | Noticed an ogre
  1965 | D:3      | Killed an ogre
  1965 | D:3      | Reached XP level 6. HP: 55/55 MP: 6/6
  2054 | D:3      | Found a basalt altar of Yredelemnul.
  2227 | D:4      | Reached skill level 5 in Fighting
  2339 | D:4      | Reached skill level 6 in Axes
  2352 | D:4      | Reached skill level 1 in Throwing
  2627 | D:4      | Noticed nikopol's ghost (amateur HOFi)
  2650 | D:4      | Killed nikopol's ghost
  2650 | D:4      | Reached skill level 7 in Axes
  2650 | D:4      | Reached skill level 1 in Dodging
  2650 | D:4      | Reached XP level 7. HP: 40/61 MP: 7/7
  2803 | D:4      | Reached skill level 5 in Shields
  3350 | D:4      | Reached skill level 5 in Armour
  3597 | D:5      | Entered Level 5 of the Dungeon
  3647 | D:4      | Reached XP level 8. HP: 47/69 MP: 8/8
  3759 | D:5      | You fall through a shaft!
  3785 | D:5      | Found an opulent altar of Gozag.
  3887 | D:5      | Reached skill level 8 in Axes
  3891 | D:5      | Reached skill level 1 in Stealth
  3891 | D:5      | Killed from afar by a steam dragon

Vault maps used:
D:1:      dpeg_arrival_short_road, minmay_pentomino_o2
D:2:      nicolae_tso_carved_into_rock, minmay_misc_feat_columns
D:3:      old_standard_altar, yredelemnul_altar_generic
D:4:      first_bread, grunt_ministairs_4
D:5:      kennysheep_steamy, nicolae_gozag_cash_rules_everything_around_me,
          minmay_temple_entry_hall, grunt_ministairs_10, minmay_fountain_box,
          nicolae_ru_awakened_eye
D:6:      serial_shops, kennysheep_mini_moat, shop_fountains,
          nicolae_shop_waterfront, shop_statue, nicolae_shop_overgrown_old_shop,
          uniq_crazy_yiuf_cottage

Skill      XL: |  1  2  3  4  5  6  7  8 |
---------------+-------------------------+-----
Axes           | 3 4 5 7 8 |  8.0
Fighting       | 4 5 |  5.8
Armour         | 4 5 |  5.7
Shields        | 4 5 |  5.6
Throwing       | 1 |  1.1
Dodging        | 1 |  1.3
Stealth        | 1 |  1.0

Action                   |  1- 3 |  4- 6 |  7- 9 || total
-------------------------+-------+-------+-------++-------
Melee: War axe           |   118 |   143 |       ||   261
       Hand axe          |       |    46 |    83 ||   129
Throw: Tomahawk          |       |     3 |       ||     3
  Use: Potion            |       |     1 |     1 ||     2
  Eat: Chunk             |       |     6 |     4 ||    10
Armor: Scale mail        |    70 |    86 |     9 ||   165
       Chain mail        |       |       |    22 ||    22
Dodge: Dodged            |    41 |    40 |    21 ||   102
Block: Shield            |    58 |    96 |    53 ||   207

Table legend:
 A = Spawn XP
 B = Non-spawn XP
 C = Spawn XP percentage of total XP
 D = Spawn monster count
 E = Non-spawn monster count
 F = Spawn count percentage of total count
 G = Total turns spent on level
                    A         B        C        D         E        F      G
               +---------+---------+-------+---------+---------+-------+---------
         Total |       0 |    1645 |   0.0 |       0 |     115 |   0.0 |  3891
               +---------+---------+-------+---------+---------+-------+---------
           D:1 |       0 |      57 |   0.0 |       0 |      29 |   0.0 |   658
           D:2 |       0 |     132 |   0.0 |       0 |      26 |   0.0 |   706
           D:3 |       0 |     214 |   0.0 |       0 |      21 |   0.0 |  1263
           D:4 |       0 |     841 |   0.0 |       0 |      29 |   0.0 |  1117
           D:5 |       0 |     401 |   0.0 |       0 |      10 |   0.0 |   125
               +---------+---------+-------+---------+---------+-------+---------
